 Dungeon Crawl Stone Soup version 0.23.2-1-ga50397a6bc (webtiles) character file.

Game seed: 12969513866799674825

294 Gordogan the Chopper (level 6, 0/52 HPs)
             Began as a Hill Orc Fighter on May 4, 2019.
             Was an Initiate of Okawaru.
             Slain by Menkaure (17 damage)
             ... on level 4 of the Dungeon.
             The game lasted 00:31:34 (2531 turns).

Gordogan the Chopper (Hill Orc Fighter)             Turns: 2531, Time: 00:31:34

Health: 0/52       AC: 11    Str: 21    XL:     6   Next: 33%
Magic:  6/6        EV:  8    Int:  8    God:    Okawaru [......]
Gold:   151        SH:  9    Dex: 10    Spells: 4/5 levels left

rFire    . . .     SeeInvis .   a - +0 war axe
rCold    . . .     Gourm    .   c - +0 shield
rNeg     . . .     Faith    .   u - +0 chain mail
rPois    +         Spirit   .   (no helmet)
rElec    .         Reflect  .   (no cloak)
rCorr    .         Harm     .   j - +1 pair of gloves
MR       .....                  (no boots)
Stlth    ..........             (no amulet)
HPRegen  0.17/turn              t - +2 ring of evasion
MPRegen  0.10/turn              q - ring of poison resistance

@: no status effects
A: no striking features
a: Renounce Religion


You were on level 4 of the Dungeon.
You worshipped Okawaru.
Okawaru was noncommittal.
You were not hungry.

You visited 1 branch of the dungeon, and saw 4 of its levels.

You collected 151 gold pieces.

Inventory:

Hand Weapons
 a - a +0 war axe (weapon)
Missiles
 h - 57 stones (quivered)
Armour
 c - a +0 shield (worn)
 j - a +1 pair of gloves (worn)
 u - a +0 chain mail (worn)
Jewellery
 k - an uncursed ring of ice
 o - an uncursed ring of magical power
 q - a ring of poison resistance (right hand)
 t - a +2 ring of evasion (left hand)
 w - an uncursed ring of resist corrosion
Wands
 b - a wand of disintegration (21)
 r - a wand of digging (6)
Scrolls
 m - a scroll of fear
 y - 2 scrolls of remove curse
Potions
 d - 2 potions of might
 e - 2 potions of agility
 i - a potion of invisibility
 l - a potion of flight
 n - 2 potions of curing
Comestibles
 f - 6 rations
 g - 10 chunks of flesh


   Skills:
 + Level 4.1 Fighting
 + Level 5.1 Axes
 + Level 0.2 Throwing
 + Level 4.7 Armour
 + Level 1.3 Dodging
 + Level 4.7 Shields


You had 4 spell levels left.
You knew the following spells:

 Your Spells              Type           Power        Failure   Level  Hunger
a - Corona                Hex            #......      100%        1    ##.....

Your spell library contained the following spells:

 Spells                   Type           Power        Failure   Level  Hunger
 Ensorcelled Hibernation  Hex/Ice        #.....       100%        2    ###....
 Confuse                  Hex            #.......     100%        3    ####...
 Dazzling Spray           Conj/Hex       #.....       100%        3    ####...
 Tukima's Dance           Hex            #.......     100%        3    ####...


Dungeon Overview and Level Annotations

Branches:
Dungeon (4/15)
 Temple: D:4-7

Altars:
Ashenzari
Nemelex Xobeh
Okawaru
Zin

Annotations:
D:4 Menkaure


Message History

Okawaru accepts your kill.
You hit Menkaure but do no damage. Menkaure hits you but does no damage.
Menkaure hits you!
You hit Menkaure but do no damage. Menkaure hits you.
You barely miss Menkaure. Menkaure hits you but does no damage.
Menkaure hits you.
You hit Menkaure.
Menkaure is lightly damaged.
Menkaure grins.
Menkaure hits you but does no damage.
You barely miss Menkaure.
Menkaure is lightly damaged.
Menkaure calls on the powers of darkness!
Your body is wracked with pain!
Menkaure points at you and mumbles some strange words.
You barely resist. You slash Menkaure!
Menkaure is heavily damaged.
Menkaure hits you!
You die...

......... ....... .........
..... ......... .....
.......<. $.. ......... ...
......... #.# .)....... #M#
######..# ..#####@# ####...
......#.### #......
#...>...# #..##.<#
....##....######.......#
###........#.....#.###..
... ###.............. .##
##..##### #...............
.
#..>....####...............
##
#..................######..


You could see Menkaure.

Vanquished Creatures
  2 orc wizards
  2 orc priests
  A worker ant (D:4)
  4 adders
  An ooze (D:1)
  An adder zombie (D:2)
  An adder skeleton (D:4)
  2 worms
  3 dart slugs
  3 leopard geckos
  11 orcs
  9 bats
  5 giant cockroaches
  11 goblins
  4 hobgoblins
  5 jackals
  2 quokkas (D:4)
  A ball python (D:1)
  2 frilled lizards
  8 kobolds
  3 rats
81 creatures vanquished.

Notes
Turn   | Place    | Note
-------+----------+-------------------------------------------
     0 | D:1      | Gordogan the Hill Orc Fighter began the quest for the Orb.
     0 | D:1      | Reached XP level 1. HP: 19/19 MP: 1/1
    96 | D:1      | Reached XP level 2. HP: 20/27 MP: 2/2
   162 | D:1      | Reached skill level 3 in Axes
   225 | D:1      | Reached XP level 3. HP: 33/33 MP: 3/3
   496 | D:1      | Found a sparkling altar of Nemelex Xobeh.
   570 | D:2      | Found a shattered altar of Ashenzari.
   935 | D:2      | Reached XP level 4. HP: 40/40 MP: 4/4
   952 | D:2      | Reached skill level 1 in Dodging
   976 | D:2      | Reached skill level 4 in Axes
   976 | D:2      | Reached XP level 5. HP: 18/46 MP: 5/5
  1971 | D:3      | Found a glowing silver altar of Zin.
  2003 | D:3      | Found an iron altar of Okawaru.
  2011 | D:3      | Became a worshipper of Warmaster Okawaru
  2350 | D:3      | Learned a level 1 spell: Corona
  2437 | D:4      | Reached skill level 5 in Axes
  2437 | D:4      | Reached XP level 6. HP: 44/52 MP: 6/6
  2518 | D:4      | Noticed Menkaure
  2531 | D:4      | Slain by Menkaure

Skill      XL: |  1  2  3  4  5 |
---------------+----------------+-----
Axes           | 3 4 5 |  5.1
Shields        | 4 |  4.7
Armour         | 4 |  4.7
Dodging        | 1 |  1.3
Fighting       | 4 |  4.1
Throwing       | |  0.2

Action                   |  1- 3 |  4- 6 || total
-------------------------+-------+-------++-------
Melee: War axe           |   113 |   198 ||   311
Throw: Stone             |    19 |    26 ||    45
  Use: Scroll            |     6 |     8 ||    14
  Eat: Chunk             |       |     4 ||     4
       Ration            |       |     1 ||     1
Armor: Scale mail        |    76 |    30 ||   106
       Chain mail        |       |    71 ||    71
Dodge: Dodged            |    49 |    68 ||   117
Block: Shield            |    80 |   132 ||   212
